AoeStats
← M@nqu!to

Arabia

505589268Analyzed
2v2 RM · 21d ago on Sep 10, 2026· 30m 52s· 4 players
Game mode
Random Map
Map size
Medium (4 player)
Population
200
Speed
Normal
Resources
Standard
Victory
Conquest
Starting age
Dark Age
Ending age
Imperial Age
RankedLock teamsTeams togetherTeam positionsShared explorationLock speedFull tech treeHidden civsTurbo modeCheats
Victory
Defeat
🇦🇷 Berbers · Argentina
1351
+12
🇦🇷 Hindustanis · Argentina
1302
+14
🇵🇪 Spanish · Peru
1289
-13
🇵🇪 Jurchens · Peru
1251
-13
KingCobraCar
7:25 Loom
9:42 Feudal Age
10:25 Double-Bit Axe
10:36 Horse Collar
21:11 Castle Age
19:24 Gold Mining
20:03 Forging
20:41 Bloodlines
21:16 Scale Barding Armor
22:34 Chain Barding Armor
24:04 Heavy Plow
24:15 Bow Saw
26:53 Fletching
27:41 Husbandry
27:43 Town Watch
28:37 Iron Casting
Kosmic Ironside
9:12 Feudal Age
9:25 Loom
9:43 Man-at-Arms
14:43 Double-Bit Axe
20:37 Castle Age
19:41 Horse Collar
20:13 Gold Mining
21:17 Fletching
21:01 Crossbowman
22:57 Bow Saw
26:53 Heavy Plow
29:37 Wheelbarrow
28:57 Bodkin Arrow
M@nquito 2.0
11:27 Feudal Age
22:58 Castle Age
M@nqu!to
7:33 Loom
9:44 Feudal Age
10:51 Double-Bit Axe
17:53 Town Watch
22:00 Castle Age
20:30 Fletching
20:46 Gold Mining
22:38 Bodkin Arrow
23:26 Husbandry
23:49 Padded Archer Armor
25:17 Ballistics
26:45 Leather Archer Armor
Connection lost

Rejoining the realm…

Still unreachable

The connection could not be restored.

Session expired

The server has moved on; the page needs a fresh start.